 Seeded DCSS version 0.30-a0-937-ga0a21ad780 (webtiles) character file.

Game seed: 3125986916090331667 (custom seed)

0 Parcival the Shield-Bearer (level 1, -2/19 HPs)
             Began as a Minotaur Fighter on Mar 24, 2023.
             Frozen to death by an endoplasm (4 damage)
             ... on level 1 of the Dungeon.
             The game lasted 00:00:11 (30 turns).

Parcival the Shield-Bearer (Minotaur Fighter)         Turns: 30, Time: 00:00:12

Health: -2/19      AC:  6    Str: 20    XL:     1   Next: 8%
Magic:  0/0        EV:  9    Int:  5    God:
Gold:   0          SH:  4    Dex:  9    Spells: 0/0 levels left

rFire   . . .      SeeInvis .    a - +0 war axe
rCold   . . .      Faith    .    c - +0 buckler
rNeg    . . .      Spirit   .    b - +0 scale mail
rPois   .          Reflect  .    (helmet restricted)
rElec   .          Rampage  .    (no cloak)
rCorr   .                        (no gloves)
Will    .....                    (no boots) Stlth
                                 (no amulet)
HPRegen 0.23/turn                (no ring)
MPRegen 0.07/turn                (no ring)

@: no status effects
A: horns 2, retaliatory headbutt
a: no special abilities


You were on level 1 of the Dungeon.
You visited 1 branch of the dungeon, and saw 1 of its levels.

Inventory:

Hand Weapons
 a - a +0 war axe (weapon)
Armour
 b - a +0 scale mail (worn)
 c - a +0 buckler (worn)
Potions
 d - a potion of might


   Skills:
 + Level 3.6 Fighting
 + Level 2.4 Axes
 + Level 3.6 Armour
 + Level 3.7 Shields


You couldn't memorise any spells.
You didn't know any spells.
Your spell library was empty.

Dungeon Overview and Level Annotations

Branches:
Dungeon (1/15)

Altars:


Innate Abilities, Weirdness & Mutations

You have a pair of horns on your head.
You reflexively headbutt those who attack you in melee.


Message History

The goblin shouts!
The endoplasm hits you but does no damage.
The endoplasm attacks as you move away! The endoplasm closely misses you.
The goblin attacks as you move away! The goblin hits you but does no damage.
The endoplasm attacks as you move away! The endoplasm hits you.
The endoplasm hits you but does no damage.
You block the goblin's attack.
You see here a scroll labelled ROKLIF FIDEHY.
This is a scroll of acquirement!
The goblin hits you with a +0 club. The goblin hits you with a +0 dagger.
The goblin closely misses you. The endoplasm freezes you.
You are frozen.
The goblin misses you. The goblin hits you with a +0 club.
The goblin closely misses you. The endoplasm freezes you.
You are frozen.
The goblin hits you with a +0 club. The endoplasm barely misses you.
The goblin hits you but does no damage. The goblin hits you but does no damage.
You block the goblin's attack.
The endoplasm hits you but does no damage.
The goblin hits you but does no damage. The endoplasm hits you.
* * * LOW HITPOINT WARNING * * *
The goblin hits you but does no damage. The goblin completely misses you.
The goblin barely misses you. You furiously retaliate!
You headbutt the goblin!
You kill the goblin!
The endoplasm hits you but does no damage.
The goblin barely misses you. The endoplasm barely misses you.
You block the goblin's attack. The endoplasm barely misses you.
The goblin completely misses you. The endoplasm freezes you.
You are frozen.
* * * LOW HITPOINT WARNING * * *
The goblin barely misses you. You furiously retaliate!
You headbutt the goblin. The endoplasm hits you.
* * * LOW HITPOINT WARNING * * *
The goblin hits you but does no damage. The endoplasm freezes you.
You are frozen.
You die...

# .#.###### .#~
........# #.#~
###@####..+.
#.Jg).....#~
#.......#.#~
.###....#....##
........>.....#
.###.#.........
#.......####
#......##
####.###


You could see an endoplasm and a goblin.

Vanquished Creatures
  A goblin (D:1)
1 creature vanquished.

Notes
Turn   | Place    | Note
-------+----------+-------------------------------------------
     0 | D:1      | Parcival the Minotaur Fighter began the quest for the Orb.
     0 | D:1      | Reached XP level 1. HP: 19/19 MP: 0/0
    19 | D:1      | Identified a scroll of acquirement
    30 | D:1      | Frozen to death by an endoplasm

Illustrated notes

Levels and vault maps discovered:
D:1:      amcnicky_arrival_single_pillar, layout_loops_cross,
          hangedman_glass_garden

Action                     || total
---------------------------++-------
 Armour: Scale mail        ||    10
  Dodge: Dodged            ||    12
  Block: Buckler           ||     4

Table legend: (Time is in decaauts)
 A = Elapsed time spent in this place.
 B = Non-inter-level travel time spent in this place.
 C = Inter-level travel time spent in this place.
 D = Time resting spent in this place.
 E = Time spent auto-exploring this place.
 F = Levels seen in this place.
 G = Mean time per level.
                   A        B        C        D        E       F      G
               +--------+--------+--------+--------+--------+-----+--------+
         Total |     30 |     30 |      0 |      0 |      6 |   1 |   30.0 |
       Dungeon |     30 |     30 |      0 |      0 |      6 |   1 |   30.0 |
               +--------+--------+--------+--------+--------+-----+--------+

Top non-repeatable levels by time:
     D:1: 30 daAuts
